TOP OF THE 1ST |
Tuscaloosa Trout Slayers batting - Pitching for Louisville Bats : RHP Guy Hebert
|
Pitching: RHP Guy Hebert
|
|
Batting: RHB Alfredo Díaz
|
0-0: Called Strike 0-1: DOUBLE (Flyball, 8LD)
|
Batting: RHB José Fernández
|
0-0: Ball 1-0: Ball 2-0: Ball 3-0: Base on Balls
|
Batting: LHB Marcos Villarreal
|
0-0: Ball 1-0: Fly out, F7 (Line Drive, 7)
|
Batting: LHB Ed Hart
|
0-0: Ball 1-0: Ball 2-0: Ball 3-0: Called Strike 3-1: Base on Balls Alfredo Díaz to third José Fernández to second
|
Batting: LHB Miguel Rosa
|
0-0: Ball 1-0: Ball 2-0: Called Strike 2-1: Ball 3-1: Foul Ball, location: 2F 3-2: Base on Balls Alfredo Díaz scores José Fernández to third Ed Hart to second
|
Batting: RHB Shigemasa Ishida
|
0-0: Foul Ball, location: 2F 0-1: Ground out 5-3 (Groundball, 56S) José Fernández scores Ed Hart to third Miguel Rosa to second
|
Batting: RHB Greg Lee
|
0-0: Ball 1-0: Swinging Strike 1-1: Foul Ball, location: 2F 1-2: DOUBLE (Line Drive, 7LM) Ed Hart scores Miguel Rosa scores
|
Batting: RHB Jason Saunders
|
0-0: Ball 1-0: DOUBLE (Line Drive, 7LD) Greg Lee scores
|
Batting: RHB Juan Reyes
|
0-0: Called Strike 0-1: Ball 1-1: Ball 2-1: Ball 3-1: Base on Balls
|
Batting: RHB Alfredo Díaz
|
0-0: Ball 1-0: Foul Ball, location: 2F 1-1: Called Strike 1-2: Foul Ball, location: 2F 1-2: Ball 2-2: Strikes out swinging
|
Top of the 1st over - 5 run(s), 3 hit(s), 0 error(s), 2 left on base; Tuscaloosa 5 - Louisville 0 |
BOTTOM OF THE 1ST |
Louisville Bats batting - Pitching for Tuscaloosa Trout Slayers : LHP José Acevedo
|
Pitching: LHP José Acevedo
|
|
Batting: RHB Danny Campbell
|
0-0: Swinging Strike 0-1: Ball 1-1: Swinging Strike 1-2: Ball 2-2: Ball 3-2: Strikes out swinging
|
Batting: RHB Dick Slagboom
|
0-0: Foul Ball, location: 2F 0-1: Ball 1-1: Foul Ball, location: 2F 1-2: Ball 2-2: Ball 3-2: SINGLE (Flyball, 8LS)
|
Batting: RHB Eric Thompson
|
0-0: Ball 1-0: Called Strike 1-1: Foul Ball, location: 2F 1-2: Ball 2-2: Foul Ball, location: 2F 2-2: SINGLE (Line Drive, 6MD) Dick Slagboom to second Runner from 2nd tries for 3rd, SAFE, no throw
|
Batting: LHB Mike Callahan
|
0-0: Ball 1-0: Called Strike Eric Thompson steals 2nd base 1-1: Ball 2-1: DOUBLE (Flyball, 78D) Dick Slagboom scores Eric Thompson scores
|
Batting: RHB Enrico Ramos
|
0-0: Ball 1-0: Ground out 6-3 (Groundball, 6)
|
Batting: LHB Alex Henderson
|
0-0: Called Strike 0-1: Called Strike 0-2: Ground out 4-3 (Groundball, 4)
|
Bottom of the 1st over - 2 run(s), 3 hit(s), 0 error(s), 1 left on base; Tuscaloosa 5 - Louisville 2 |
TOP OF THE 2ND |
Tuscaloosa Trout Slayers batting - Pitching for Louisville Bats : RHP Guy Hebert
|
Batting: RHB José Fernández
|
0-0: Ball 1-0: Foul Ball, location: 2F 1-1: Ball 2-1: Ball 3-1: Base on Balls
|
Batting: LHB Marcos Villarreal
|
0-0: Called Strike 0-1: Fly out, F8 (Flyball, 8LM)
|
Batting: LHB Ed Hart
|
0-0: Foul Ball, location: 2F 0-1: Foul Ball, location: 2F 0-2: Ball 1-2: Ball 2-2: Ball 3-2: Foul Ball, location: 2F 3-2: Strikes out swinging
|
Batting: LHB Miguel Rosa
|
0-0: Foul Ball, location: 2F 0-1: Foul Ball, location: 2F 0-2: Foul Ball, location: 2F 0-2: Ball 1-2: Strikes out looking
|
Top of the 2nd over - 0 run(s), 0 hit(s), 0 error(s), 1 left on base; Tuscaloosa 5 - Louisville 2 |
BOTTOM OF THE 2ND |
Louisville Bats batting - Pitching for Tuscaloosa Trout Slayers : LHP José Acevedo
|
Batting: RHB John Denton
|
0-0: Called Strike 0-1: Foul Ball, location: 2F 0-2: Ground out 4-3 (Groundball, 4)
|
Batting: LHB Jeff Forsyth
|
0-0: Called Strike 0-1: Ball 1-1: Called Strike 1-2: Fly out, F6 (Line Drive, 6)
|
Batting: RHB Shawn Marshall
|
0-0: Ball 1-0: Ball 2-0: Called Strike 2-1: Swinging Strike 2-2: Strikes out swinging
|
Bottom of the 2nd over - 0 run(s), 0 hit(s), 0 error(s), 0 left on base; Tuscaloosa 5 - Louisville 2 |
TOP OF THE 3RD |
Tuscaloosa Trout Slayers batting - Pitching for Louisville Bats : RHP Guy Hebert
|
Batting: RHB Shigemasa Ishida
|
0-0: Ball 1-0: Called Strike 1-1: Foul Ball, location: 2F 1-2: Ball 2-2: SINGLE (Groundball, 6MD)
|
Batting: RHB Greg Lee
|
0-0: Ball 1-0: Called Strike 1-1: Grounds into double play, 4-6-3 (Groundball, 4M)
|
Batting: RHB Jason Saunders
|
0-0: Ball 1-0: Foul Ball, location: 2F 1-1: Ball 2-1: Ball 3-1: Base on Balls
|
Batting: RHB Juan Reyes
|
0-0: Foul Ball, location: 2F 0-1: Ball 1-1: Called Strike Jason Saunders is caught stealing 2nd base
|
Top of the 3rd over - 0 run(s), 1 hit(s), 0 error(s), 0 left on base; Tuscaloosa 5 - Louisville 2 |
BOTTOM OF THE 3RD |
Louisville Bats batting - Pitching for Tuscaloosa Trout Slayers : LHP José Acevedo
|
Batting: RHB Danny Campbell
|
0-0: Fly out, F7 (Line Drive, 78M)
|
Batting: RHB Dick Slagboom
|
0-0: Called Strike 0-1: Ball 1-1: Called Strike 1-2: Ball 2-2: Foul Ball, location: 2F 2-2: Ball 3-2: Base on Balls
|
Batting: RHB Eric Thompson
|
0-0: SINGLE (Flyball, 78S) Dick Slagboom to second
|
Batting: LHB Mike Callahan
|
0-0: Ball Dick Slagboom is caught stealing 3rd base Eric Thompson to second 1-0: Ball 2-0: Fly out, F7 (Flyball, 7S)
|
Bottom of the 3rd over - 0 run(s), 1 hit(s), 0 error(s), 1 left on base; Tuscaloosa 5 - Louisville 2 |
TOP OF THE 4TH |
Tuscaloosa Trout Slayers batting - Pitching for Louisville Bats : RHP Guy Hebert
|
Batting: RHB Juan Reyes
|
0-0: Ball 1-0: Swinging Strike 1-1: Swinging Strike 1-2: Ball 2-2: Strikes out swinging
|
Batting: RHB Alfredo Díaz
|
0-0: Ball 1-0: Ball 2-0: Ball 3-0: Called Strike 3-1: Base on Balls
|
Batting: RHB José Fernández
|
0-0: Called Strike 0-1: Swinging Strike 0-2: Ball 1-2: Foul Ball, location: 2F 1-2: Ball 2-2: Strikes out swinging
|
Batting: LHB Marcos Villarreal
|
0-0: Ball 1-0: Ball 2-0: Ball 3-0: Fly out, F9 (Flyball, 9)
|
Top of the 4th over - 0 run(s), 0 hit(s), 0 error(s), 1 left on base; Tuscaloosa 5 - Louisville 2 |
BOTTOM OF THE 4TH |
Louisville Bats batting - Pitching for Tuscaloosa Trout Slayers : LHP José Acevedo
|
Batting: RHB Enrico Ramos
|
0-0: Ground out 6-3 (Groundball, 6)
|
Batting: LHB Alex Henderson
|
0-0: Called Strike 0-1: Called Strike 0-2: Ground out 4-3 (Groundball, 4S)
|
Batting: RHB John Denton
|
0-0: Ball 1-0: Foul Ball, location: 2F 1-1: Ball 2-1: Fly out, F8 (Flyball, 8LM)
|
Bottom of the 4th over - 0 run(s), 0 hit(s), 0 error(s), 0 left on base; Tuscaloosa 5 - Louisville 2 |
TOP OF THE 5TH |
Tuscaloosa Trout Slayers batting - Pitching for Louisville Bats : RHP Guy Hebert
|
Pitching: LHP Carlos Menéndez
|
|
Batting: LHB Ed Hart
|
0-0: Ball 1-0: Foul Ball, location: 2F 1-1: Foul Ball, location: 2F 1-2: Strikes out looking
|
Batting: LHB Miguel Rosa
|
0-0: Ball 1-0: Called Strike 1-1: Reached on error, E8 (Flyball, 8LM)
|
Batting: RHB Shigemasa Ishida
|
0-0: Called Strike 0-1: Swinging Strike 0-2: Strikes out swinging
|
Batting: RHB Greg Lee
|
0-0: Ball 1-0: Foul Ball, location: 2F 1-1: Ball 2-1: Ball 3-1: Foul Ball, location: 2F 3-2: Ground out 5-3 (Groundball, 5L)
|
Top of the 5th over - 0 run(s), 0 hit(s), 1 error(s), 1 left on base; Tuscaloosa 5 - Louisville 2 |
BOTTOM OF THE 5TH |
Louisville Bats batting - Pitching for Tuscaloosa Trout Slayers : LHP José Acevedo
|
Batting: LHB Jeff Forsyth
|
0-0: Ball 1-0: Foul Ball, location: 2F 1-1: SOLO HOME RUN (Flyball, 89XD), Distance : 426 ft
|
Batting: RHB Shawn Marshall
|
0-0: Ball 1-0: Foul Ball, location: 2F 1-1: Fly out, F9 (Flyball, 9S)
|
Batting: RHB Danny Campbell
|
0-0: Ball 1-0: Foul Ball, location: 2F 1-1: Fly out, F8 (Flyball, 8LXD)
|
Batting: RHB Dick Slagboom
|
0-0: Ball 1-0: Ball 2-0: Foul Ball, location: 2F 2-1: Foul Ball, location: 2F 2-2: Ball 3-2: Fly out, F9 (Flyball, 89D)
|
Bottom of the 5th over - 1 run(s), 1 hit(s), 0 error(s), 0 left on base; Tuscaloosa 5 - Louisville 3 |
TOP OF THE 6TH |
Tuscaloosa Trout Slayers batting - Pitching for Louisville Bats : LHP Carlos Menéndez
|
Batting: RHB Jason Saunders
|
0-0: Called Strike 0-1: Ball 1-1: Ball 2-1: Ball 3-1: Foul Ball, location: 2F 3-2: Fly out, F4 (Popup, 4)
|
Batting: RHB Juan Reyes
|
0-0: Foul Ball, location: 2F 0-1: Foul Ball, location: 2F 0-2: Foul Ball, location: 2F 0-2: Strikes out swinging
|
Batting: RHB Alfredo Díaz
|
0-0: SINGLE (Groundball, 6MD)
|
Batting: RHB José Fernández
|
0-0: Called Strike 0-1: Ball 1-1: Ball 2-1: Called Strike 2-2: Ball Alfredo Díaz is caught stealing 2nd base
|
Top of the 6th over - 0 run(s), 1 hit(s), 0 error(s), 0 left on base; Tuscaloosa 5 - Louisville 3 |
BOTTOM OF THE 6TH |
Louisville Bats batting - Pitching for Tuscaloosa Trout Slayers : LHP José Acevedo
|
Batting: RHB Eric Thompson
|
0-0: Swinging Strike 0-1: Ball 1-1: Foul Ball, location: 2F 1-2: Strikes out looking
|
Batting: LHB Mike Callahan
|
0-0: Foul Ball, location: 2F 0-1: Foul Ball, location: 2F 0-2: Fly out, F8 (Flyball, 8LD)
|
Batting: RHB Enrico Ramos
|
0-0: Called Strike 0-1: Called Strike 0-2: Fly out, F8 (Flyball, 8RM)
|
Bottom of the 6th over - 0 run(s), 0 hit(s), 0 error(s), 0 left on base; Tuscaloosa 5 - Louisville 3 |
TOP OF THE 7TH |
Tuscaloosa Trout Slayers batting - Pitching for Louisville Bats : LHP Carlos Menéndez
|
Batting: RHB José Fernández
|
0-0: Called Strike 0-1: Ball 1-1: Called Strike 1-2: Strikes out swinging
|
Batting: LHB Marcos Villarreal
|
0-0: Swinging Strike 0-1: Ball 1-1: Ball 2-1: Swinging Strike 2-2: Strikes out swinging
|
Batting: LHB Ed Hart
|
0-0: Fly out, F7 (Line Drive, 7)
|
Top of the 7th over - 0 run(s), 0 hit(s), 0 error(s), 0 left on base; Tuscaloosa 5 - Louisville 3 |
BOTTOM OF THE 7TH |
Louisville Bats batting - Pitching for Tuscaloosa Trout Slayers : LHP José Acevedo
|
Batting: LHB Alex Henderson
|
0-0: Ball 1-0: Ball 2-0: Ball 3-0: Called Strike 3-1: Fly out, F9 (Flyball, 9LM)
|
Batting: RHB John Denton
|
0-0: Called Strike 0-1: Ball 1-1: Ball 2-1: Foul Ball, location: 2F 2-2: DOUBLE (Line Drive, 78D)
|
Batting: LHB Jeff Forsyth
|
0-0: Called Strike 0-1: Ball 1-1: DOUBLE (Line Drive, 9LM) John Denton scores
|
Pitching: LHP Dave Blackwell
|
|
Batting: RHB Shawn Marshall
|
0-0: Ball 1-0: Called Strike 1-1: Ground out 6-3 (Groundball, 6)
|
Batting: RHB Danny Campbell
|
0-0: Foul Ball, location: 2F 0-1: Foul Ball, location: 2F 0-2: Fly out, F4 (Popup, 4MD)
|
Bottom of the 7th over - 1 run(s), 2 hit(s), 0 error(s), 1 left on base; Tuscaloosa 5 - Louisville 4 |
TOP OF THE 8TH |
Tuscaloosa Trout Slayers batting - Pitching for Louisville Bats : LHP Carlos Menéndez
|
Batting: LHB Miguel Rosa
|
0-0: Called Strike 0-1: Ball 1-1: Called Strike 1-2: SINGLE (Popup, 5D)
|
Pitching: LHP Denny Welch
|
|
Batting: RHB Shigemasa Ishida
|
0-0: SINGLE (Groundball, 6MD) Miguel Rosa to second
|
Batting: RHB Greg Lee
|
0-0: Ball 1-0: Ball 2-0: Grounds into double play, 6-4-3 (Groundball, 6) Miguel Rosa to third
|
Batting: RHB Jason Saunders
|
0-0: Ground out U3 (Groundball, 34S)
|
Top of the 8th over - 0 run(s), 2 hit(s), 0 error(s), 1 left on base; Tuscaloosa 5 - Louisville 4 |
BOTTOM OF THE 8TH |
Louisville Bats batting - Pitching for Tuscaloosa Trout Slayers : LHP Dave Blackwell
|
Pitching: LHP Aaron Gibbs
|
|
Batting: RHB Dick Slagboom
|
0-0: Ball 1-0: Foul Ball, location: 2F 1-1: Foul Ball, location: 2F 1-2: Ball 2-2: Foul Ball, location: 2F 2-2: Ground out 5-3 (Groundball, 56)
|
Pitching: RHP Jimmy Bradley
|
|
Batting: RHB Eric Thompson
|
0-0: Called Strike 0-1: Ground out 4-3 (Groundball, 4)
|
Pitching: RHP Jesús Ramos
|
|
Batting: LHB Mike Callahan
|
0-0: Foul Ball, location: 2F 0-1: Foul Ball, location: 2F 0-2: Fly out, F7 (Flyball, 78S)
|
Bottom of the 8th over - 0 run(s), 0 hit(s), 0 error(s), 0 left on base; Tuscaloosa 5 - Louisville 4 |
TOP OF THE 9TH |
Tuscaloosa Trout Slayers batting - Pitching for Louisville Bats : LHP Denny Welch
|
Pitching: RHP Johnathan Phillips
|
|
Batting: RHB Juan Reyes
|
0-0: Called Strike 0-1: Foul Ball, location: 2F 0-2: Ball 1-2: Ball 2-2: Ground out 4-3 (Groundball, 4)
|
Batting: RHB Alfredo Díaz
|
0-0: Ball 1-0: Ball 2-0: Called Strike 2-1: Foul Ball, location: 2F 2-2: Ball 3-2: Strikes out swinging
|
Batting: RHB José Fernández
|
0-0: Ball 1-0: Called Strike 1-1: Foul Ball, location: 2F 1-2: Ball 2-2: Foul Ball, location: 2F 2-2: Ground out 5-3 (Groundball, 25)
|
Top of the 9th over - 0 run(s), 0 hit(s), 0 error(s), 0 left on base; Tuscaloosa 5 - Louisville 4 |
BOTTOM OF THE 9TH |
Louisville Bats batting - Pitching for Tuscaloosa Trout Slayers : RHP Jesús Ramos
|
Pitching: RHP John Charles
|
|
Now in CF: Lynn Ford
|
|
Batting: RHB Enrico Ramos
|
0-0: Foul Ball, location: 2F 0-1: Ball 1-1: Swinging Strike 1-2: Ball 2-2: Foul Ball, location: 2F 2-2: Foul Ball, location: 2F 2-2: Strikes out swinging
|
Batting: LHB Alex Henderson
|
0-0: Foul Ball, location: 2F 0-1: Fly out, F4 (Popup, 3D)
|
Batting: RHB John Denton
|
0-0: Ball 1-0: Ground out U3 (Groundball, 34)
|
Bottom of the 9th over - 0 run(s), 0 hit(s), 0 error(s), 0 left on base; Tuscaloosa 5 - Louisville 4 |
|